 Dungeon Crawl Stone Soup version 0.29-a0-472-ge5599a681e (webtiles) character file.

Game seed: 6676120223438359924

1766 enile the Reanimator (level 8, -2/62 HPs)
             Began as a Mummy Necromancer on May 22, 2022.
             Slain by a wight
             ... wielding a +2 mace of protection
              (7 damage)
             ... on level 6 of the Dungeon on May 23, 2022.
             The game lasted 00:12:52 (8821 turns).

enile the Reanimator (Mummy Necromancer)            Turns: 8821, Time: 00:12:53

Health: -2/62      AC:  2    Str: 11    XL:     8   Next: 79%
Magic:  17/17      EV: 12    Int: 22    God:
Gold:   306        SH:  0    Dex: 15    Spells: 11/19 levels left

rFire   x . .      SeeInvis +   q - +2 rapier (vamp)
rCold   + + .      Faith    .   (no shield)
rNeg    + + +      Spirit   .   a - +0 robe
rPois   ∞          Reflect  .   (no helmet)
rElec   .          Harm     .   (no cloak)
rCorr   .          Rampage  .   (no gloves)
Will    +....                   (no boots)
Stlth   ++........              (no amulet)
HPRegen 0.20/turn               b - ring of Ceicemoc {rC+ Int+6 Dex+2 SInv}
MPRegen 0.15/turn               (no ring)

@: no status effects
A: cold resistance 1, negative energy resistance 3, torment resistance 2, heat
vulnerability 1, in touch with death 1, no potions
a: no special abilities


You were on level 6 of the Dungeon.
You visited 1 branch of the dungeon, and saw 7 of its levels.

You collected 432 gold pieces.
You spent 126 gold pieces at shops.

Inventory:

Hand Weapons
 d - a +0 hand axe
 e - a +0 hunting sling
 h - a +2 falchion of holy wrath
 l - a +2 rapier of speed
 o - a +1 dagger of venom
 q - a +2 vampiric rapier (weapon)
Armour
 a - a +0 robe (worn)
 k - the +4 scale mail of Dishonesty {Harm Dex+2}
   (You found it on level 6 of the Dungeon)

   Dex:       It affects your dexterity (+2).
   Harm:      It increases damage dealt and taken.
Jewellery
 b - the ring of Ceicemoc (left hand) {rC+ Int+6 Dex+2 SInv}
   (You acquired it on level 2 of the Dungeon)

   [ring of intelligence]

   Int:       It affects your intelligence (+6).
   Dex:       It affects your dexterity (+2).
   rC:        It protects you from cold.
   SInv:      It lets you see invisible.
 f - a ring of magical power
Wands
 i - a wand of flame (8)
 j - a wand of iceblast (15)
Scrolls
 c - a scroll of silence
 g - 3 scrolls of identify
 m - 2 scrolls of teleportation {unknown}
 n - a scroll of magic mapping {unknown}
 p - a scroll of fog {unknown}


   Skills:
 - Level 5.0 Fighting
 - Level 2.0 Short Blades
 + Level 2.2 Dodging
 - Level 3.0 Stealth
 - Level 6.0 Spellcasting
 - Level 8.0 Necromancy
 - Level 3.0 Evocations


You had 11 spell levels left.
You knew the following spells:

 Your Spells              Type           Power      Damage    Failure   Level
a - Necrotize             Necr           100%       1d9       1%          1
b - Vampiric Draining     Necr           58%        2d10      1%          3
c - Animate Dead          Necr           58%        N/A       3%          4

Your spell library contained the following spells:

 Spells                   Type           Power      Damage    Failure   Level
 Sandblast                Erth           12%        2d6       9%          1
 Summon Small Mammal      Summ           24%        N/A       9%          1
 Agony                    Necr           58%        N/A       10%         5
 Passwall                 Tmut/Erth      5%         N/A       14%         2
 Call Canine Familiar     Summ           6%         N/A       26%         3
 Dazzling Flash           Conj/Hex       12%        N/A       26%         3
 Frozen Ramparts          Ice            12%        1d3       26%         3
 Stone Arrow              Conj/Erth      12%        3d7       26%         3
 Summon Guardian Golem    Hex/Summ       6%         N/A       26%         3
 Summon Ice Beast         Ice/Summ       6%         N/A       65%         4
 Summon Lightning Spire   Summ/Air       6%         N/A       65%         4
 Silence                  Hex/Air        3%         N/A       94%         5
 Maxwell's Capacitive Co  Air            3%         ∞         100%        8
 Ice Form                 Ice/Tmut       Unusable   N/A       N/A         4
 Storm Form               Tmut/Air       Unusable   N/A       N/A         7

Dungeon Overview and Level Annotations

Branches:
Dungeon (7/15)
 Temple: D:4-7

Altars:
Ru
Uskayaw
Xom

Shops:
D:6 *

Annotations:
D:3 1 runed translucent door, Crazy Yiuf, Robin


Innate Abilities, Weirdness & Mutations

You are immune to poison.
Your flesh is cold resistant. (rC+)
You are immune to negative energy. (rN+++)
You are immune to unholy pain and torment.
You are vulnerable to heat. (rF-)
You are in touch with the powers of death.
You do not drink.


Message History

You hit the wight but do no damage.
The wight hits you with a +2 mace of protection.
You hit the wight but do no damage.
The wight hits you with a +2 mace of protection!
You hit the wight.
The wight is lightly damaged.
The wight barely misses you.
There is a stone staircase leading up here.
The wight hits you with a +2 mace of protection!
You climb upwards.
There is a stone staircase leading down here.
Sorry, you're not good enough to have a special ability.
The wight attacks as you move away!
The wight hits you with a +2 mace of protection!
Aiming: Throw Flame
Press: ? - help, Shift-Dir - straight line, f - wight
Aim: a wight, wielding a +2 mace of protection and wearing a +0 robe (lightly damaged, 71% to hit)
The puff of flame misses the wight.
The wight hits you with a +2 mace of protection!
* * * LOW HITPOINT WARNING * * *
Aiming: Throw Flame
Press: ? - help, Shift-Dir - straight line, f/p - wight
Aim: a wight, wielding a +2 mace of protection and wearing a +0 robe (lightly damaged, 71% to hit)
The puff of flame hits the wight.
The wight is heavily damaged.
The wight closely misses you.
Aiming: Throw Flame
Press: ? - help, Shift-Dir - straight line, f/p - wight
Aim: a wight, wielding a +2 mace of protection and wearing a +0 robe (heavily damaged, 71% to hit)
The puff of flame hits the wight but does no damage.
The wight is heavily damaged.
The wight hits you with a +2 mace of protection!
* * * LOW HITPOINT WARNING * * *
Aiming: Throw Flame
Press: ? - help, Shift-Dir - straight line, f/p - wight
Aim: a wight, wielding a +2 mace of protection and wearing a +0 robe (heavily damaged, 71% to hit)
The puff of flame hits the wight but does no damage.
The wight is heavily damaged.
The wight hits you with a +2 mace of protection!
You die...

..# #........... ..# #...........
..# #........... ..# #.....#####.
..# #.....#...#. ..#
########.....#...#. ..# #######
#............#...#. ..# #.....#
#.......######...#. ..# #.....#
#.@.....'...####'#. ..####.....#
#>z.....#........#.
...........####.......######...#.
##.........................#...#.
#...>.....................#####.
#.........................#...#.
#.........................+...#.
#.............#######.....#...'.
#.............#.....#.....#####.


You could see a wight.

Vanquished Creatures
  Sigmund (D:4)
  Eustachio (D:6)
  A water moccasin (D:6)
  2 black bears
  2 ogres
  A centaur (D:6)
  2 phantoms (D:6)
  A necrophage (D:6)
  A centaur zombie (D:4)
  2 bullfrog zombies (D:4)
  5 hounds
  A jelly (D:5)
  An iguana (D:4)
  Jessica (D:2)
  4 scorpion zombies (D:4)
  Terence (D:2)
  3 hound zombies (D:4)
  2 hound skeletons (D:4)
  9 adders
  3 gnolls (D:3)
  An ufetubus (D:6)
  3 adder zombies (D:4)
  A worm (D:4)
  A dart slug (D:3)
  6 orcs
  5 bats
  4 endoplasms
  2 giant cockroaches
  7 goblins
  7 hobgoblins
  11 jackals
  5 kobolds
  4 quokkas
  5 ball pythons
  3 frilled lizards
  A quokka zombie (D:4)
  3 rats
113 creatures vanquished.

Vanquished Creatures (collateral kills)
  An adder (D:2)
  A worm (D:4)
  A goblin (D:3)
3 creatures vanquished.

Vanquished Creatures (others)
  A hobgoblin (D:3)
  8 withered plants (D:4)
9 creatures vanquished.

Grand Total: 125 creatures vanquished

Notes
Turn   | Place    | Note
-------+----------+-------------------------------------------
     0 | D:1      | enile the Mummy Necromancer began the quest for the Orb.
     0 | D:1      | Reached XP level 1. HP: 13/13 MP: 4/4
   104 | D:1      | Found a faded altar of an unknown god.
   295 | D:1      | Reached XP level 2. HP: 19/19 MP: 0/5
  1031 | D:2      | Reached skill level 5 in Necromancy
  1035 | D:2      | Gained mutation: You are in touch with the powers of death.
                  | [Mummy growth]
  1035 | D:2      | Reached XP level 3. HP: 19/24 MP: 0/7
  1041 | D:2      | Identified a scroll of acquirement
  1041 | D:2      | Acquired the ring of Ceicemoc {rC+ Int+6 Dex+2 SInv}
  1047 | D:2      | Reached skill level 1 in Fighting
  1452 | D:2      | Noticed Terence
  1498 | D:2      | Noticed Jessica
  1508 | D:2      | Killed Jessica
  1509 | D:2      | Reached XP level 4. HP: 31/33 MP: 5/8
  1617 | D:2      | Learned a level 3 spell: Vampiric Draining
  1737 | D:2      | Found a hide-covered altar of Uskayaw.
  2028 | D:2      | Killed Terence
  2522 | D:3      | Learned a level 4 spell: Animate Dead
  2695 | D:3      | Found a runed translucent door.
  2696 | D:3      | Noticed Crazy Yiuf
  2769 | D:3      | Reached XP level 5. HP: 38/38 MP: 7/11
  2887 | D:3      | Found a sacrificial altar of Ru.
  2896 | D:3      | Noticed Robin
  3469 | D:4      | Noticed a black bear
  3485 | D:4      | Noticed Sigmund
  3490 | D:5      | Entered Level 5 of the Dungeon
  3591 | D:5      | Reached skill level 6 in Necromancy
  3734 | D:5      | Reached skill level 1 in Short Blades
  3734 | D:5      | Reached XP level 6. HP: 44/44 MP: 8/12
  4726 | D:6      | Reached XP level 7. HP: 47/50 MP: 14/14
  4769 | D:6      | Reached skill level 5 in Spellcasting
  4887 | D:6      | Found a shimmering altar of Xom.
  5113 | D:6      | Noticed a cyclops
  5317 | D:6      | Found Hixzu's Assorted Antiques.
  5482 | D:4      | Killed Sigmund
  6047 | D:4      | Reached skill level 5 in Fighting
  6047 | D:4      | Reached XP level 8. HP: 8/62 MP: 17/17
  8024 | D:6      | Reached skill level 7 in Necromancy
  8470 | D:6      | Bought a runed falchion for 126 gold pieces
  8526 | D:6      | Noticed Eustachio
  8536 | D:6      | Killed Eustachio
  8537 | D:6      | Reached skill level 8 in Necromancy
  8731 | D:6      | Identified the +4 scale mail of Dishonesty {Harm Dex+2}
  8821 | D:6      | Slain by a wight

Illustrated notes

Levels and vault maps discovered:
D:1:      grunt_arrival_lava_bath, layout_basic,
          ebering_ecumenical_altar_sacrificial
D:2:      layout_loops_ring, basic_altar, uniq_jessica, uniq_terence
D:3:      layout_rooms, mainiacjoe_overflow_alcove_3, chequers_garden,
          uniq_robin, uniq_crazy_yiuf_cottage
D:4:      cheibrodos_helix_gallery, layout_loops_ring, serial_undead,
          serial_undead_e, serial_undead_a, serial_undead_e, serial_undead_c,
          serial_undead_e, serial_undead_d, serial_undead_b, serial_undead_e,
          uniq_sigmund
D:5:      layout_gridville, minmay_misc_feat_nine_boxes
D:6:      layout_gridville, mainiacjoe_overflow_boulevard, serial_shops,
          nicolae_shop_waterfront, uniq_eustachio
D:7:      layout_gridville, minmay_temple_entry_hall, uniq_menkaure

Skill      XL: |  1  2  3  4  5  6  7  8 |
---------------+-------------------------+-----
Necromancy     | 5 6 8 |  8.0
Fighting       | 2 5 |  5.0
Dodging        | 2 |  2.2
Spellcasting   | 4 6 |  6.0
Short Blades   | 1 2 |  2.0
Stealth        | 3 |  3.0
Evocations     | 3 |  3.0

Action                   |  1- 3 |  4- 6 |  7- 9 || total
-------------------------+-------+-------+-------++-------
Melee: Unarmed           |     4 |       |       ||     4
       Hand axe          |     5 |    11 |       ||    16
       Rapier            |       |    44 |   126 ||   170
       Punch             |       |     1 |     3 ||     4
 Fire: Hunting sling     |    32 |       |       ||    32
Throw: Throwing net      |       |     1 |       ||     1
 Cast: Necrotize         |    37 |    91 |    72 ||   200
       Animate Dead      |       |       |     1 ||     1
Evoke: Wand              |       |       |     8 ||     8
  Use: Scroll            |     2 |       |     6 ||     8
 Stab: Sleeping          |       |     1 |     1 ||     2
Armor: Robe              |    14 |    11 |    23 ||    48
Dodge: Dodged            |    49 |    45 |    93 ||   187

Table legend: (Time is in decaauts)
 A = Elapsed time spent in this place.
 B = Non-inter-level travel time spent in this place.
 C = Inter-level travel time spent in this place.
 D = Time resting spent in this place.
 E = Time spent auto-exploring this place.
 F = Levels seen in this place.
 G = Mean time per level.
                   A        B        C        D        E       F      G
               +--------+--------+--------+--------+--------+-----+--------+
         Total |   8803 |   8168 |    635 |    465 |   6613 |   7 | 1257.6 |
       Dungeon |   8803 |   8168 |    635 |    465 |   6613 |   7 | 1257.6 |
               +--------+--------+--------+--------+--------+-----+--------+

Top non-repeatable levels by time:
     D:6: 2052 daAuts
     D:4: 1763 daAuts
     D:2: 1702 daAuts
     D:5: 1212 daAuts
     D:1: 1086 daAuts
     D:3: 977 daAuts
     D:7: 9 daAuts
